 Dungeon Crawl Stone Soup version 0.30-a0-715-gdb4ae3ece1 (webtiles) character file.

Game seed: 14698832758671169423

49 mandoloar the Shooter (level 3, 0/21 HPs)
             Began as a Deep Elf Hunter on Jan 23, 2023.
             Killed from afar by an orc wizard (3 damage)
             ... with a magic dart
             ... on level 2 of the Dungeon.
             The game lasted 00:03:35 (1674 turns).

mandoloar the Shooter (Deep Elf Hunter)             Turns: 1674, Time: 00:03:36

Health: 0/21       AC:  7    Str:  8    XL:     3   Next: 51%
Magic:  5/5        EV: 13    Int: 13    God:
Gold:   79         SH:  0    Dex: 20    Spells: 2/2 levels left

rFire   . . .      SeeInvis .    b - +0 dagger
rCold   . . .      Faith    .    (no shield)
rNeg    . . .      Spirit   .    c - +0 leather armour
rPois   .          Reflect  .    (no helmet)
rElec   .          Harm     .    d - scarf {+Inv}
rCorr   .          Rampage  .    (no gloves)
Will    .....                    (no boots)
Stlth   ++                       (no amulet)
HPRegen 0.23/turn                e - +4 ring of protection
MPRegen 0.09/turn                (no ring)

@: no status effects
A: no striking features
a: Evoke Invisibility


You were on level 2 of the Dungeon.
You visited 1 branch of the dungeon, and saw 4 of its levels.

You collected 79 gold pieces.

Inventory:

Hand Weapons
 a - a +0 shortbow
 b - a +0 dagger (weapon)
Armour
 c - a +0 leather armour (worn)
 d - a scarf of invisibility (worn)
Jewellery
 e - a +4 ring of protection (left hand)
Scrolls
 f - a scroll of amnesia {unknown}
 g - a scroll of immolation
 j - a scroll of magic mapping {unknown}
 k - a scroll of acquirement {unknown}
 o - a scroll of noise {unknown}
 p - a scroll of identify {unknown}
Potions
 h - 2 potions of brilliance {unknown}
 i - a potion of curing {unknown}
 l - a potion of berserk rage {unknown}
 m - a potion of ambrosia {unknown}
 n - a potion of lignification {unknown}


   Skills:
 + Level 2.1 Fighting
 + Level 5.8 Ranged Weapons
 + Level 3.1 Dodging
 + Level 2.4 Stealth


You had 2 spell levels left.
You didn't know any spells.
Your spell library contained the following spells:

 Spells                   Type           Power      Damage    Failure   Level
 Slow                     Hex            0%         N/A       41%         1
 Confusing Touch          Hex            0%         N/A       80%         3
 Vampiric Draining        Necr           0%         2d6       80%         3


Dungeon Overview and Level Annotations

Branches:
Dungeon (4/15)
 Temple: D:4-7

Altars:


Message History

The adder barely misses you. Something hits you but does no damage.
You miss the adder.
The adder is almost dead.
The adder barely misses you.
You hear some strange, mumbled words.
You are confused.
You bump into the rock wall.
The adder bites you. Something hits you.
* * * LOW HITPOINT WARNING * * *
The adder misses you.
You bump into the rock wall.
The adder closely misses you. Something hits you.
* * * LOW HITPOINT WARNING * * *
You hit the adder.
You kill the adder!
Something hits you but does no damage.
You start resting.
Something hits you but does no damage.
You start resting.
Something hits you but does no damage.
a - a +0 shortbow (weapon)
b - a +0 dagger (weapon)
You feel less confused. Something barely misses you.
You hit something. Something hits you but does no damage.
You hit something. Something barely misses you.
You barely miss something. Something hits you but does no damage.
You hit something but do no damage. Something hits you but does no damage.
You hit something. Something hits you.
* * * LOW HITPOINT WARNING * * *
You hit something but do no damage.
An orc wizard appears from thin air!
Reactivating autopickup.
The orc wizard closely misses you.
You hit the orc wizard.
The orc wizard is almost dead.
The orc wizard hits you but does no damage.
You closely miss the orc wizard.
The orc wizard is almost dead.
The orc wizard hits you but does no damage.
You hit the orc wizard but do no damage.
The orc wizard is almost dead.
The orc wizard casts a spell at you. The magic dart hits you.
You die...

####
...##
...#
#..#
#..#
###..#
#....#
#.##o#
#. #@#
#. #.#
.. ...
...##.#
.... .#
#.. .#
#=. .#
#. .#


You could see an orc wizard.

Vanquished Creatures
  3 adders (D:2)
  A dart slug (D:1)
  An endoplasm (D:1)
  3 giant cockroaches
  A goblin (D:1)
  2 hobgoblins
  2 quokkas
  A bat (D:1)
  2 frilled lizards
  4 kobolds
  A rat (D:1)
21 creatures vanquished.

Notes
Turn   | Place    | Note
-------+----------+-------------------------------------------
     0 | D:1      | mandoloar the Deep Elf Hunter began the quest for the Orb.
     0 | D:1      | Reached XP level 1. HP: 12/12 MP: 3/3
   161 | D:1      | Found a faded altar of an unknown god.
   439 | D:1      | Reached XP level 2. HP: 17/17 MP: 4/4
   939 | D:3      | Noticed a necrophage
  1213 | D:2      | Reached XP level 3. HP: 21/21 MP: 5/5
  1597 | D:2      | You fall into a shaft and drop 2 floors!
  1674 | D:2      | Killed from afar by an orc wizard

Illustrated notes

Levels and vault maps discovered:
D:1:      dpeg_arrival_three_smaller_balls, layout_basic,
          ebering_ecumenical_altar_box, minmay_misc_feat_roman
D:2:      layout_loops_corners
D:3:      layout_basic, minmay_bisected
D:4:      layout_loops_ring, nicolae_qazlal_scattered_showers,
          gammafunk_temple_overflow_pools, nicolae_stop_n_shop_2

Skill      XL: |  1  2 |
---------------+-------+-----
Fighting       | 2 |  2.1
Dodging        | 3 |  3.1
Stealth        | 2 |  2.4
Ranged Weapons | |  5.8

Action                     || total
---------------------------++-------
  Melee: Dagger            ||    35
         Punch             ||     1
   Fire: Shortbow          ||    55
 Armour: Leather armour    ||    42
  Dodge: Dodged            ||    40

Table legend: (Time is in decaauts)
 A = Elapsed time spent in this place.
 B = Non-inter-level travel time spent in this place.
 C = Inter-level travel time spent in this place.
 D = Time resting spent in this place.
 E = Time spent auto-exploring this place.
 F = Levels seen in this place.
 G = Mean time per level.
                   A        B        C        D        E       F      G
               +--------+--------+--------+--------+--------+-----+--------+
         Total |   1685 |   1622 |     63 |    113 |   1255 |   4 |  421.2 |
       Dungeon |   1685 |   1622 |     63 |    113 |   1255 |   4 |  421.2 |
               +--------+--------+--------+--------+--------+-----+--------+

Top non-repeatable levels by time:
     D:1: 928 daAuts
     D:2: 724 daAuts
     D:3: 22 daAuts
     D:4: 9 daAuts
